 Dungeon Crawl Stone Soup version 0.29.1-2-gbd0b4ee654 (webtiles) character file.

Game seed: 1722140296691971677

74 cdecastro the Chiller (level 4, 0/30 HPs)
             Began as a Barachi Ice Elementalist on Nov 20, 2022.
             Succumbed to an adder's poison
             ... on level 2 of the Dungeon.
             The game lasted 00:02:50 (1687 turns).

cdecastro the Chiller (Barachi Ice Elementalist)    Turns: 1687, Time: 00:02:51

Health: 0/30       AC:  2    Str:  8 (9)  XL:     4   Next: 30%
Magic:  3/7        EV: 12    Int: 15 (18) God:
Gold:   63         SH:  0    Dex: 10 (12) Spells: 3/7 levels left

rFire   . . .      SeeInvis .   l - +2 hand axe (vorpal)
rCold   . . .      Faith    .   (no shield)
rNeg    . . .      Spirit   .   a - +0 robe
rPois   .          Reflect  .   (no helmet)
rElec   .          Harm     .   (no cloak)
rCorr   .          Rampage  .   (no gloves)
Will    .....                   (no boots)
Stlth   ++........              (no amulet)
HPRegen 0.10/turn               (no ring)
MPRegen 0.10/turn               (no ring)

@: lethally poisoned (0 -> -4), attractive, flying, slow
A: amphibious, slowness 1, strong legs 1, +LOS
a: Hop


You were on level 2 of the Dungeon.
You visited 1 branch of the dungeon, and saw 2 of its levels.

You collected 63 gold pieces.

Inventory:

Hand Weapons
 c - a +0 spear
 l - a +2 vorpal hand axe (weapon)
Armour
 a - a +0 robe (worn)
 g - a +0 cloak
 o - the +5 chain mail "Egezeutz" {Int+4}
   (You found it on level 2 of the Dungeon)

   Int:       It affects your intelligence (+4).
Scrolls
 f - 2 scrolls of identify {unknown}
 i - a scroll of enchant weapon {unknown}
 m - a scroll of amnesia {unknown}
Potions
 b - a potion of magic
 h - a potion of might {unknown}
 j - a potion of invisibility {unknown}
 k - a potion of heal wounds {unknown}
 n - a potion of attraction


   Skills:
 - Level 2.1 Dodging
 - Level 1.7 Stealth
 - Level 2.1 Spellcasting
 + Level 6.8 Ice Magic


You had 3 spell levels left.
You knew the following spells:

 Your Spells              Type           Power      Damage    Failure   Level
a - Freeze                Ice            88%        1d10      1%          1
b - Frozen Ramparts       Ice            44%        1d7       3%          3

Your spell library contained the following spells:

 Spells                   Type           Power      Damage    Failure   Level
 Ozocubu's Armour         Ice            22%        N/A       3%          3
 Apportation              Tloc           2%         N/A       22%         1
 Hailstorm                Conj/Ice       11%        3d5       47%         4
 Alistair's Intoxication  Tmut/Pois      0%         N/A       99%         5


Dungeon Overview and Level Annotations

Branches:
Dungeon (2/15)

Altars:
Ru


Innate Abilities, Weirdness & Mutations

You are amphibious.
You cover ground slowly.
You can hop short distances.
You have an extended range of vision and can be seen from far away.


Message History

* * * LOW HITPOINT WARNING * * *
You are lethally poisoned!
The adder poisons you! The kobold barely misses you.
Aiming: Freeze (safe; 1% risk of failure)
Press: ? - help, Q - select action, (/) - cycle Shift-Dir - straight line, f/p - adder
Aim: an adder (severely wounded, slow)
You freeze the adder!
You kill the adder!
* * * LOW HITPOINT WARNING * * *
You feel sick. The kobold hits you with a +0 dagger.
* * * LOW HITPOINT WARNING * * *
Aiming: Freeze (safe; 1% risk of failure)
Press: ? - help, Q - select action, (/) - cycle Shift-Dir - straight line, f - kobold
Aim: a kobold, wielding a +0 dagger You freeze the kobold.
The kobold is moderately wounded.
* * * LOW HITPOINT WARNING * * *
You feel sick. The kobold hits you with a +0 dagger.
* * * LOW HITPOINT WARNING * * *
Aiming: Freeze (safe; 1% risk of failure)
Press: ? - help, Q - select action, (/) - cycle Shift-Dir - straight line, f/p - kobold
Aim: a kobold, wielding a +0 dagger (moderately wounded)
You freeze the kobold!
You kill the kobold!
* * * LOW HITPOINT WARNING * * *
You feel sick.
It was a potion of attraction.
You feel attractive to monsters.
* * * LOW HITPOINT WARNING * * *
You feel sick.
It was a potion of degeneration.
There was something very wrong with that liquid.
You feel weakened.
You feel dopey.
You feel clumsy.
* * * LOW HITPOINT WARNING * * *
You feel sick.
Okay, then.
It was a potion of flight.
You feel very buoyant.
You fly up into the air.
You die...

...........#####..##.#
#####...##.....$.....#
##.#####.###..########.#
#.......# #...........#
###########...........#
#..†....S...... ###
#....#####.#.$# ..#
#.)†## # # ..# #####.#@#
..#### #.....#...#
.....#####.....#....#
>...........#######...
.....######....#.. .#.#
..############.#.# # #
...............#.#
..############...# ###
#####


There were no monsters in sight!

Vanquished Creatures
  A gnoll (D:1)
  2 adders (D:2)
  8 bats
  3 endoplasms
  3 giant cockroaches (D:2)
  3 goblins
  3 hobgoblins
  2 quokkas (D:1)
  3 ball pythons
  2 frilled lizards (D:1)
  8 kobolds
  7 rats
45 creatures vanquished.

Vanquished Creatures (others)
  13 plants (D:1)
13 creatures vanquished.

Grand Total: 58 creatures vanquished

Notes
Turn   | Place    | Note
-------+----------+-------------------------------------------
     0 | D:1      | cdecastro the Barachi Ice Elementalist began the quest for
                  | the Orb.
     0 | D:1      | Reached XP level 1. HP: 13/13 MP: 3/3
    20 | D:1      | Reached skill level 5 in Ice Magic
    20 | D:1      | Reached XP level 2. HP: 7/19 MP: 0/5
   571 | D:1      | Reached XP level 3. HP: 11/24 MP: 4/6
   739 | D:1      | Reached skill level 6 in Ice Magic
  1107 | D:1      | Found a faded altar of an unknown god.
  1235 | D:2      | Learned a level 3 spell: Frozen Ramparts
  1237 | D:2      | Found a sacrificial altar of Ru.
  1357 | D:2      | Identified the +5 chain mail "Egezeutz" {Int+4}
  1453 | D:2      | Reached XP level 4. HP: 30/30 MP: 7/7
  1686 | D:2      | HP: 1/30 [poisoned by an adder]
  1687 | D:2      | Succumbed to an adder's poison

Illustrated notes

Levels and vault maps discovered:
D:1:      saegor_arrival_simple_e, layout_rooms,
          dilly_ecumenical_altar_fadedgnrine, minmay_hexomino_f4
D:2:      layout_loops_ring, basic_altar

Skill      XL: |  1  2  3 |
---------------+----------+-----
Ice Magic      | 5 6 |  6.8
Dodging        | |  2.1
Stealth        | |  1.7
Spellcasting   | |  2.1

Action                   |  1- 3 |  4- 6 || total
-------------------------+-------+-------++-------
Melee: Spear             |    36 |       ||    36
       Hand axe          |     8 |    18 ||    26
 Cast: Freeze            |    33 |     4 ||    37
  Use: Potion            |       |     3 ||     3
 Stab: Sleeping          |     4 |       ||     4
Armor: Robe              |    14 |     7 ||    21
Dodge: Dodged            |    38 |    22 ||    60
